 Dungeon Crawl Stone Soup version 0.17.0-23-g0de4337 (console) character file.

5727 nht the Bludgeoner (level 10, -10/87 HPs)
             Began as an Ogre Enchanter on Nov 14, 2015.
             Was a Priest of Okawaru.
             Mangled by an ogre
             ... wielding a +0 giant club
              (21 damage)
             ... on level 9 of the Dungeon.
             The game lasted 00:25:53 (9593 turns).

nht the Bludgeoner (Ogre Enchanter)                 Turns: 9593, Time: 00:25:53

Health: -10/87     AC:  6    Str: 18    XL:     10   Next: 77%
Magic:  12/13      EV: 12    Int: 14    God:    Okawaru [***...]
Gold:   571        SH:  0    Dex: 10    Spells: 0 memorised, 13 levels left

rFire  . . .     SeeInvis +     A - +2 flail (freeze) (curse)
rCold  . . .     Clarity  .     a - +1 robe {MR+}
rNeg   + . .     SustAt   .     (no shield)
rPois  .         Gourm    .     (helmet restricted)
rElec  .         Spirit   .     z - +0 cloak
rCorr  .         Warding  .     (gloves unavailable)
rMut   .         Stasis   .     (boots unavailable)
MR     ++...                    E - amulet of rage
Stlth  ++........               t - ring of see invisible
                                k - ring of positive energy

@: lethally poisoned (-10 -> -16), heroism, very resistant to hostile
enchantments, unstealthy
A: unfitting armour, icy blue scales 1, tough skin 1
a: Heroism, Renounce Religion, Evoke Berserk Rage


You were on level 9 of the Dungeon.
You worshipped Okawaru.
Okawaru was most pleased with you.
You were not hungry.

You visited 2 branches of the dungeon, and saw 10 of its levels.
You also visited: Sewer.

You collected 571 gold pieces.

Inventory:

Hand Weapons
 w - the +6 scimitar "Qefraav" {holy, rC+, unknown}
   (You found it on level 6 of the Dungeon)

   It has been blessed by the Shining One to cause great damage to the undead
   and demons.
   It protects you from cold.
 y - a +0 blowgun
 A - a cursed +2 flail of freezing (weapon)
 C - a +0 giant spiked club
Missiles
 m - 16 tomahawks
 B - 7 curare-tipped needles
 F - 4 javelins (quivered)
 I - 2 throwing nets
Armour
 a - a +1 robe of magic resistance (worn)
 z - a +0 cloak (worn)
Jewellery
 b - an uncursed ring of positive energy
 k - a ring of positive energy (left hand)
 t - a ring of see invisible (right hand)
 E - an amulet of rage (around neck)
Wands
 p - a wand of confusion (0)
 s - a wand of slowing (10)
 v - a wand of magic darts (16)
Scrolls
 e - 3 scrolls of blinking
 f - a scroll of random uselessness
 j - 7 scrolls of identify
 l - 3 scrolls of teleportation
Potions
 h - 5 potions of flight
 o - 4 potions of curing
 q - 2 potions of cancellation
 r - 2 potions of heal wounds
 u - a potion of magic
 x - a potion of agility
 D - a potion of haste
Comestibles
 c - a chunk of flesh
 d - 6 bread rations
 g - 2 slices of pizza
 i - 7 meat rations
 n - 7 beef jerkies
 G - a royal jelly


   Skills:
 - Level 2.2(7.2) Fighting
   Level 0.5(5.5) Short Blades
 + Level 18.5(23.5) Maces & Flails
 - Level 1.7(6.7) Dodging
 - Level 2.4(7.4) Stealth
 - Level 2.4 Spellcasting
   Level 2.1 Hexes


You had 13 spell levels left.
You didn't know any spells.

Dungeon Overview and Level Annotations

Branches:
Dungeon (9/15)             Temple (1/1) D:6
   Lair: D:8-11         Orc: D:9-12

Altars:
Ashenzari
Cheibriados
Dithmenos
Elyvilon
Fedhas
Gozag
Kikubaaqudgha
Makhleb
Nemelex Xobeh
Okawaru
Qazlal
Ru
Sif Muna
Trog
Vehumet
Xom
Yredelemnul
Zin
The Shining One

Shops:
D:5 [

Annotations:
D:6 Sigmund


Innate Abilities, Weirdness & Mutations

You are too large for most types of armour.
You have tough skin (AC +1).
You are partially covered in icy blue scales (AC +1).


Message History

You hit the killer bee. You freeze the killer bee.
The killer bee is heavily wounded.
You feel sick. The killer bee misses you.
You completely miss the killer bee.
The killer bee is heavily wounded.
The killer bee stings you.
* * * LOW HITPOINT WARNING * * *
You are more poisoned.
The killer bee poisons you!
You sock the killer bee! You freeze the killer bee.
You kill the killer bee!
Okawaru accepts your kill.
You feel sick.
You hit the ogre. You freeze the ogre. You punch the ogre.
The ogre is moderately wounded.
You feel sick.
You hit the ogre. You freeze the ogre.
The ogre is heavily wounded.
The ogre hits you with a giant club!!
You die...

█.........
█.....(.!.
█.....?...
█.........
█.......y.
+......O..
███.........
██....█████
█.....O@..█
█.███████.█
█ █.....█
█.███.█
█...█ █.███
█...█
█████.█
█...█.█
███.█.█.█
█...█...█


You could see an ogre.

Vanquished Creatures
  Pikel (D:5)
  Psyche (D:8)
  The ghost of nht the Cudgeler, an amateur OgEn (D:3)
  Prince Ribbit (D:8)
  A wraith (D:8)
  A deep elf mage (D:9)
  A wyvern (D:8)
  Eustachio (D:5)
  Grum (D:8)
  A hippogriff (D:8)
  2 wolves (D:8)
  A hungry ghost (D:9)
  Duvessa (D:6)
  A phantom (D:8)
  A sky beast (D:5)
  A necrophage (D:8)
  A black bear (D:6)
  3 centaurs
  2 ogres (D:7)
  A big kobold (Sewer)
  Blork the orc (D:6)
  4 giant frogs
  Dowan (D:6)
  2 scorpions
  3 wights
  8 killer bees
  3 crimson imps
  5 hounds
  3 centaur zombies
  3 orc priests
  3 giant frog skeletons
  A giant frog zombie (D:7)
  3 jellies
  4 iguanas
  A centaur skeleton (D:5)
  7 orc wizards
  2 worker ants (D:4)
  4 hound skeletons
  4 adders
  8 gnolls
  A shadow imp (D:6)
  3 river rats (Sewer)
  7 worms
  38 orcs
  9 bats
  6 giant cockroaches
  9 goblins
  11 hobgoblins
  16 kobolds
  4 quokkas
  6 giant geckos
  A giant gecko skeleton (D:5)
  9 giant newts
  10 jackals
  A quokka zombie (D:5)
  8 rats
233 creatures vanquished.

Vanquished Creatures (others)
  A quokka zombie (D:5)
1 creature vanquished.

Grand Total: 234 creatures vanquished

Notes
Turn   | Place    | Note
--------------------------------------------------------------
     0 | D:1      | nht the Ogre Enchanter began the quest for the Orb.
     0 | D:1      | Reached XP level 1. HP: 16/16 MP: 3/3
    24 | D:1      | Reached skill level 1 in Fighting
    81 | D:1      | Reached XP level 2. HP: 18/28 MP: 5/5
   216 | D:1      | Reached skill level 1 in Maces & Flails
   401 | D:1      | Reached XP level 3. HP: 18/35 MP: 6/6
   906 | D:2      | Reached skill level 3 in Maces & Flails
  1435 | D:2      | Reached skill level 4 in Maces & Flails
  1435 | D:2      | Reached XP level 4. HP: 37/42 MP: 7/7
  2033 | D:3      | Reached skill level 5 in Maces & Flails
  2101 | D:3      | Reached XP level 5. HP: 15/49 MP: 8/8
  2118 | D:3      | Noticed nht's ghost (amateur OgEn)
  2367 | D:3      | Killed nht's ghost
  2367 | D:3      | Reached skill level 8 in Maces & Flails
  2367 | D:3      | Reached XP level 6. HP: 57/57 MP: 9/9
  3067 | D:4      | Reached XP level 7. HP: 29/65 MP: 10/10
  3333 | D:4      | Reached skill level 9 in Maces & Flails
  3712 | D:4      | Found a stormy altar of Qazlal.
  3846 | D:5      | Entered Level 5 of the Dungeon
  3890 | D:5      | Reached skill level 10 in Maces & Flails
  3917 | D:5      | Found Mebbuh's Armour Boutique.
  4026 | D:5      | Noticed Eustachio
  4054 | D:5      | Killed Eustachio
  4125 | D:5      | Found a glowing drain.
  4132 | Sewer    | Entered a sewer
  4161 | Sewer    | Reached XP level 8. HP: 29/72 MP: 11/11
  4331 | Sewer    | Reached skill level 11 in Maces & Flails
  4354 | Sewer    | Found a glowing silver altar of Zin.
  4877 | D:5      | Reached skill level 12 in Maces & Flails
  4909 | D:5      | Noticed Pikel
  4926 | D:5      | Killed Pikel
  4926 | D:5      | Reached skill level 13 in Maces & Flails
  5424 | D:5      | Reached XP level 9. HP: 79/79 MP: 12/12
  5512 | D:6      | Found a staircase to the Ecumenical Temple.
  5541 | Temple   | Entered the Ecumenical Temple
  5685 | Temple   | Became a worshipper of Warmaster Okawaru
  5747 | D:6      | Found a shattered altar of Ashenzari.
  5783 | D:6      | Reached skill level 14 in Maces & Flails
  5827 | D:6      | Noticed Duvessa
  5827 | D:6      | Noticed Dowan
  5837 | D:6      | Killed Duvessa
  5850 | D:6      | Killed Dowan
  6179 | D:6      | Noticed Blork the orc
  6202 | D:6      | Killed Blork the orc
  6379 | D:6      | Got a translucent scimitar
  6481 | D:6      | Noticed Sigmund
  6728 | D:7      | Reached * piety under Okawaru
  6728 | D:7      | Reached skill level 15 in Maces & Flails
  7019 | D:7      | Gained mutation: You are partially covered in icy blue scales (AC +1). [potion of beneficial mutation]
  7412 | D:7      | Reached skill level 16 in Maces & Flails
  7451 | D:7      | Reached ** piety under Okawaru
  7451 | D:7      | Reached XP level 10. HP: 33/87 MP: 13/13
  8307 | D:8      | Noticed Prince Ribbit
  8310 | D:8      | Noticed Grum
  8324 | D:8      | Reached skill level 17 in Maces & Flails
  8375 | D:8      | Killed Prince Ribbit
  8563 | D:8      | Noticed Psyche
  8574 | D:8      | Killed Psyche
  8824 | D:8      | Found a burning altar of Makhleb.
  8831 | D:8      | Reached *** piety under Okawaru
  9249 | D:8      | Killed Grum
  9264 | D:8      | Reached skill level 18 in Maces & Flails
  9593 | D:9      | Mangled by an ogre

Action                   |  1- 3 |  4- 6 |  7- 9 | 10-12 || total
-------------------------+-------+-------+-------+-------++-------
Melee: Dagger            |   165 |    10 |       |       ||   175
       Flail             |       |   135 |   481 |   191 ||   807
       Mace              |       |       |     3 |       ||     3
Throw: Tomahawk          |       |     1 |    10 |    13 ||    24
       Javelin           |       |       |       |     7 ||     7
Invok: Heroism           |       |       |       |     1 ||     1
Evoke: Wand              |       |       |     9 |       ||     9
  Use: Potion            |     1 |     4 |     7 |     5 ||    17
       Scroll            |       |       |     8 |     3 ||    11
 Stab: Sleeping          |     6 |     2 |     4 |     3 ||    15
       Confused          |       |       |     2 |       ||     2
  Eat: Chunk             |     2 |     5 |    13 |    10 ||    30
       Pizza             |       |       |     1 |       ||     1
